 Dungeon Crawl Stone Soup version 0.23.1 (webtiles) character file.

Game seed: 12386906113426299620

81 Laiders72 the Cudgeler (level 4, 0/35 HPs)
             Began as a Demonspawn Gladiator on Mar 9, 2019.
             Slain by a big kobold
             ... wielding a +0 short sword
              (8 damage)
             ... on level 2 of the Dungeon.
             The game lasted 00:04:37 (1262 turns).

Laiders72 the Cudgeler (Demonspawn Gladiator)       Turns: 1262, Time: 00:04:38

Health: 0/35       AC:  6    Str: 15    XL:     4   Next: 20%
Magic:  4/4        EV: 12    Int: 10    God:
Gold:   52         SH:  0    Dex: 14    Spells: 3/3 levels left

rFire    + . .     SeeInvis .   a - +0 flail
rCold    . . .     Gourm    .   (no shield)
rNeg     . . .     Faith    .   b - +0 leather armour
rPois    .         Spirit   .   c - +0 helmet
rElec    .         Reflect  .   (no cloak)
rCorr    .         Harm     .   (no gloves)
MR       .....                  (no boots)
Stlth    +.........             (no amulet)
HPRegen  0.11/turn              (no ring)
MPRegen  0.09/turn              (no ring)

@: no status effects
A: icy blue scales 1, fire resistance 1, powered by death 1
a: no special abilities


You were on level 2 of the Dungeon.
You were not hungry.

You visited 1 branch of the dungeon, and saw 2 of its levels.

You collected 52 gold pieces.

Inventory:

Hand Weapons
 a - a +0 flail (weapon)
Armour
 b - a +0 leather armour (worn)
 c - a +0 helmet (worn)
Jewellery
 o - an uncursed ring of magical power
Scrolls
 h - a scroll of fog {unknown}
 i - a scroll of enchant armour {unknown}
 j - 3 scrolls of amnesia {unknown}
 k - a scroll of teleportation {unknown}
 l - a scroll of magic mapping {unknown}
 m - a scroll of immolation {unknown}
 p - a scroll of remove curse {unknown}
Potions
 e - 2 potions of haste {unknown}
 g - 3 potions of curing {unknown}
Comestibles
 f - 4 rations


   Skills:
 + Level 3.4 Fighting
 + Level 3.7 Maces & Flails
 - Level 1.7 Throwing
 - Level 2.6 Dodging


You had 3 spell levels left.
You didn't know any spells.
Your spell library was empty.

Dungeon Overview and Level Annotations

Branches:
Dungeon (2/15)

Altars:


Innate Abilities, Weirdness & Mutations

You are partially covered in icy blue scales. (AC +2)
Your flesh is heat resistant. (rF+)
You regenerate a little health from kills.


Message History

You closely miss the big kobold.
The big kobold is almost dead.
The big kobold hits you but does no damage.
You barely miss the big kobold.
The big kobold is almost dead.
The big kobold closely misses you.
You closely miss the big kobold.
The big kobold is almost dead.
The big kobold barely misses you.
You hit the big kobold but do no damage.
The big kobold is almost dead.
The big kobold misses you.
The big kobold hits you but does no damage.
You miss the big kobold.
The big kobold is almost dead.
The big kobold closely misses you.
You closely miss the big kobold.
The big kobold is almost dead.
The big kobold hits you with a +0 short sword!
You die...

##.......#####
............. #
########.......#... #.
#.....##(........#
#.##.....##.....#.#.#
#........##.........#
##........##...K.#.#.#..
.'....8...# ####@.......
#...8_8.####....##.##..
#....8..............+
#.......####.#####.##
#.....### #.# # #...>.#
#.# #.....# #.#
#.....######.#
###..........#


You could see a big kobold.

Vanquished Creatures
  3 gnolls (D:2)
  An ooze (D:2)
  A dart slug (D:1)
  3 leopard geckos (D:1)
  2 ball pythons
  3 giant cockroaches
  7 goblins
  4 hobgoblins
  3 kobolds
  3 bats
  5 frilled lizards
  5 rats
40 creatures vanquished.

Notes
Turn   | Place    | Note
-------+----------+-------------------------------------------
     0 | D:1      | Laiders72 the Demonspawn Gladiator began the quest for the
                  | Orb.
     0 | D:1      | Reached XP level 1. HP: 16/16 MP: 1/1
    83 | D:1      | Gained mutation: You regenerate a little health from kills.
                  | [demonic ancestry]
    83 | D:1      | Reached XP level 2. HP: 5/23 MP: 2/2
   693 | D:1      | Gained mutation: You are partially covered in icy blue
                  | scales. (AC +2) [demonic ancestry]
   693 | D:1      | Reached XP level 3. HP: 28/28 MP: 3/3
  1050 | D:2      | Gained mutation: Your flesh is heat resistant. (rF+)
                  | [demonic ancestry]
  1050 | D:2      | Reached XP level 4. HP: 21/35 MP: 4/4
  1210 | D:2      | Found a faded altar of an unknown god.
  1236 | D:2      | Noticed a big kobold
  1262 | D:2      | Slain by a big kobold

Skill      XL: |  1  2  3 |
---------------+----------+-----
Maces & Flails | 3 |  3.7
Fighting       | 3 |  3.4
Throwing       | |  1.7
Dodging        | |  2.6

Action                   |  1- 3 |  4- 6 || total
-------------------------+-------+-------++-------
Melee: Flail             |   102 |    35 ||   137
Throw: Throwing net      |       |     3 ||     3
 Stab: Sleeping          |     1 |       ||     1
       Held in net/web   |       |     2 ||     2
  Eat: Chunk             |     1 |       ||     1
Armor: Leather armour    |    36 |    13 ||    49
Dodge: Dodged            |    87 |    21 ||   108
